 Dungeon Crawl Stone Soup version 0.31-a0-150-g89dc3ad700 (webtiles) character file.

Game seed: 10458609739987255312

641 qw the Skirmisher (level 7, -5/51 (61) HPs)
             Began as a Minotaur Hunter on June 8, 2023.
             Slain by a wight
             ... wielding a +3 war axe
              (10 damage)
             ... on level 5 of the Dungeon.
             The game lasted 00:01:28 (3604 turns).

qw the Skirmisher (Minotaur Hunter)                 Turns: 3604, Time: 00:01:28

HP:   -5/51 (61)    AC: 10    Str: 16    XL:     7   Next: 26%
MP:   6/6           EV: 11    Int:  6    God:
Gold: 258           SH:  0    Dex: 15    Spells: 6/6 levels left

rFire   . . .        Y - +0 shortbow
rCold   . . .        (shield currently unavailable)
rNeg    . . .        g - +0 ring mail
rPois   .            (helmet restricted)
rElec   .            b - +1 cloak
rCorr   .            f - +0 pair of gloves
SInv    .            h - +0 pair of boots
Will    .....        (no amulet)
Stlth   +            (no ring)
HPRegen 0.28/turn    (no ring)
MPRegen 0.10/turn

%: no passive effects
@: heavily drained
A: horns 2, retaliatory headbutt
a: no special abilities


You were on level 5 of the Dungeon.
You visited 1 branch of the dungeon, and saw 5 of its levels.

You collected 258 gold pieces.


Innate Abilities, Weirdness & Mutations

You have a pair of horns on your head.
You reflexively headbutt those who attack you in melee.


   Skills:
 - Level 5.4 Fighting
 + Level 8.0 Ranged Weapons
 - Level 3.2 Armour
 - Level 2.1 Dodging
 - Level 0.7 Stealth


You had 6 spell levels left.
You didn't know any spells.
Your spell library was empty.

Inventory:

Hand Weapons
 Y - a +0 shortbow (weapon)
Armour
 b - a +1 cloak (worn)
 f - a +0 pair of gloves (worn)
 g - a +0 ring mail (worn)
 h - a +0 pair of boots (worn)
Scrolls
 a - a scroll of identify
Potions
 d - a potion of mutation
 i - a potion of magic {unknown}

Dungeon Overview and Level Annotations

Branches:
Dungeon (5/15)
 Temple: D:4-7

Altars:
Cheibriados
Dithmenos
Vehumet

Annotations:
D:3 3 runed translucent doors, qw's ghost, amateur MiHu
D:5 Edmund


Message History

Enter note:
Enter note:
Enter note:
There is an open door here. 3 wights come into view.
You see here 8 stones.
Enter note:
Enter note:
Enter note:
Enter note: You shoot an arrow.
The arrow hits the wight.
The wight is moderately damaged.
You shoot an arrow. The arrow barely misses the wight.
You shoot an arrow. The arrow barely misses the wight.
You shoot an arrow. The arrow barely misses the wight.
The wight hits you from afar with a +2 halberd!
You feel drained.
You shoot an arrow.
The arrow hits the wight but does no damage.
The wight is moderately damaged.
The wight hits you with a +3 war axe.
You feel drained.
The wight hits you from afar with a +2 halberd.
The wight misses you.
You shoot an arrow. The arrow hits the wight.
The wight is heavily damaged.
The wight hits you from afar with a +2 halberd.
The wight hits you with a +0 long sword.
You feel drained.
You shoot an arrow. The arrow closely misses the wight.
The wight closely misses you. The wight barely misses you.
The wight hits you with a +3 war axe!
You feel drained.
You shoot an arrow. The arrow hits the wight.
The wight is severely damaged.
The wight hits you with a +3 war axe.
You feel drained.
The wight hits you with a +0 long sword!
The wight hits you from afar with a +2 halberd!
You feel drained.
You shoot an arrow. The arrow closely misses the wight.
The wight hits you with a +3 war axe!
You die...

........#...:##?...##...
........#.....#.........
........'.....#....##...
........#.....#....#####
#.......#######.....
#.......# ####+#
#.......# #.......#
#.....z@# #......z#
#....z..# #.......#
#.......# #.......#
#.......# #.......+


You could see 3 wights.

Vanquished Creatures
  Menkaure (D:5)
  A water moccasin (D:5)
  An ogre (D:4)
  A jelly (D:5)
  A sleepcap (D:2)
  Natasha (thrice) (D:3)
  2 orc wizards (D:4)
  A mummy (D:3)
  Robin (D:3)
  An adder (D:4)
  A white imp (D:5)
  2 ufetubi
  3 worms
  3 dart slugs (D:1)
  8 orcs (D:4)
  3 endoplasms
  2 giant cockroaches
  15 goblins
  14 hobgoblins
  2 quokkas
  7 ball pythons
  3 bats
  A frilled lizard (D:2)
  A goblin zombie (D:5)
  A hobgoblin zombie (D:5)
  7 kobolds
  A kobold skeleton (D:5)
  An orc zombie (D:5)
  4 rats
92 creatures vanquished.

Notes
Turn   | Place    | Note
-------+----------+-------------------------------------------
     0 | D:1      | qw the Minotaur Hunter began the quest for the Orb.
     0 | D:1      | Reached XP level 1. HP: 18/18 MP: 0/0
     0 | D:1      | 0 ||| qw: Version: 0.2-a-120-gdf1a93b
     0 | D:1      | 0 ||| qw: Game counter: 2997
     0 | D:1      | 0 ||| qw: Always use a shield: true
     0 | D:1      | 0 ||| qw: God list: Okawaru
     0 | D:1      | 0 ||| qw: Allow faded altars: false
     0 | D:1      | 0 ||| qw: Do Orc after D:15 true
     0 | D:1      | 0 ||| qw: Do second Lair branch before Depths: true
     0 | D:1      | 0 ||| qw: Lair rune preference: random
     0 | D:1      | 0 ||| qw: Plans: Normal
     0 | D:1      | 0 ||| PLANNING D:1-11
    73 | D:1      | Reached XP level 2. HP: 25/25 MP: 1/1
   109 | D:1      | Reached skill level 5 in Ranged Weapons
   299 | D:1      | Reached skill level 3 in Fighting
   604 | D:1      | 604 ||| UPGRADING to +0 pair of gloves.
   609 | D:1      | 609 ||| UPGRADING to +0 ring mail.
   619 | D:1      | 619 ||| DROPPING +0 leather armour.
   620 | D:1      | 620 ||| UPGRADING to +0 pair of boots.
   625 | D:1      | 625 ||| READING scroll labelled YHAOHO WELY.
   626 | D:1      | 626 ||| READING scroll labelled PALOCK HOBESHRO.
   627 | D:1      | 627 ||| DROPPING scroll of butterflies.
   682 | D:2      | Reached XP level 3. HP: 31/31 MP: 2/2
   707 | D:2      | Reached skill level 1 in Armour
  1194 | D:2      | 1194 ||| READING scroll labelled IFRIVE MIGHA.
  1195 | D:2      | 1195 ||| READING scroll labelled QYSAXI QU GOODGH.
  1196 | D:2      | 1196 ||| DRINKING 2 sedimented silvery potions.
  1197 | D:2      | 1197 ||| READING 3 scrolls of identify.
  1197 | D:2      | 1197 ||| IDENTIFYING pink potion
  1198 | D:2      | 1198 ||| READING 2 scrolls of identify.
  1198 | D:2      | 1198 ||| IDENTIFYING silvery potion
  1261 | D:3      | Reached XP level 4. HP: 38/38 MP: 3/3
  1307 | D:3      | Found a snail-covered altar of Cheibriados.
  1314 | D:3      | Reached skill level 6 in Ranged Weapons
  1355 | D:3      | Found a shadowy altar of Dithmenos.
  1361 | D:3      | Noticed Natasha
  1372 | D:3      | Killed Natasha
  1478 | D:3      | Noticed Robin
  1507 | D:3      | Killed Robin
  1607 | D:3      | Reached XP level 5. HP: 46/46 MP: 4/4
  1776 | D:3      | Noticed Natasha
  1785 | D:3      | Killed Natasha
  1813 | D:3      | Found a radiant altar of Vehumet.
  1949 | D:3      | Found a runed translucent gate.
  1949 | D:3      | Found a runed translucent gate.
  1949 | D:3      | Found a runed translucent gate.
  1952 | D:3      | Noticed qw's ghost (amateur MiHu)
  2035 | D:3      | Noticed Natasha
  2040 | D:3      | Killed Natasha
  2291 | D:3      | 2291 ||| UPGRADING to +1 cloak.
  2296 | D:3      | 2296 ||| READING scroll labelled MOCWAO PAGIDO.
  2297 | D:3      | 2297 ||| READING 2 scrolls labelled ENATSA NUMADOG.
  2298 | D:3      | 2298 ||| READING scroll labelled XYWKOEFUOZI.
  2301 | D:3      | 2301 ||| READING 2 scrolls of identify.
  2301 | D:3      | 2301 ||| IDENTIFYING dark potion
  2302 | D:3      | 2302 ||| DROPPING potion of lignification.
  2303 | D:3      | 2303 ||| DROPPING scroll of vulnerability.
  2333 | D:4      | Noticed an ogre
  2341 | D:4      | Killed an ogre
  2342 | D:4      | Reached skill level 3 in Armour
  2342 | D:4      | Reached XP level 6. HP: 52/52 MP: 5/5
  2533 | D:4      | 2533 ||| DRINKING 2 potions of curing.
  2533 | D:4      | 2533 ||| (to cure confusion)
  2534 | D:4      | 2534 ||| DRINKING potion of curing.
  2534 | D:4      | 2534 ||| (to cure confusion)
  2539 | D:4      | Reached skill level 7 in Ranged Weapons
  2968 | D:5      | Entered Level 5 of the Dungeon
  2971 | D:5      | Noticed Menkaure
  2979 | D:5      | Killed Menkaure
  2980 | D:5      | Reached skill level 8 in Ranged Weapons
  3218 | D:5      | Reached XP level 7. HP: 60/60 MP: 6/6
  3277 | D:5      | Noticed Edmund
  3292 | D:5      | HP: 13/60 [Edmund/+1 heavy dire flail (19)]
  3293 | D:5      | 3293 ||| READING scroll of teleportation.
  3294 | D:5      | 3294 ||| DRINKING potion of heal wounds.
  3603 | D:5      | HP: 5/53 [wight/+2 halberd (10)]
  3604 | D:5      | Slain by a wight

Levels and vault maps discovered:
D:1:      dpeg_arrival_pits, layout_loops_ring
D:2:      layout_basic
D:3:      minmay_diamond_boxcup, layout_basic, lemuel_tele_altar,
          grunt_dithmenos_smoke, slow_altar_2, gammafunk_ghost_nasty_kobolds,
          hex_intersection, uniq_natasha, uniq_robin
D:4:      layout_cave_pools
D:5:      layout_gridville, nicolae_tso_besieged_by_evil, uniq_edmund,
          uniq_menkaure, uniq_prince_ribbit1

Skill      XL: |  1  2  3  4  5  6  7 |
---------------+----------------------+-----
Ranged Weapons | 5 6 8 |  8.0
Fighting       | 3 4 5 |  5.4
Armour         | 1 3 |  3.2
Dodging        | |  2.1
Stealth        | |  0.7

Action                     |  1- 3 |  4- 6 |  7- 9 || total
---------------------------+-------+-------+-------++-------
   Fire: Shortbow          |    96 |   240 |    48 ||   384
    Use: Scroll            |     6 |     4 |     1 ||    11
         Potion            |     1 |     2 |     1 ||     4
 Armour: Leather armour    |     4 |       |       ||     4
         Ring mail         |    12 |   101 |     3 ||   116
  Dodge: Dodged            |    19 |   107 |    14 ||   140

Table legend:
 A = Non-vault XP
 B = Vault XP
 C = Vault XP percentage of total XP
 D = Non-vault monster count
 E = Vault monster count
 F = Vault count percentage of total count
                 A         B        C        D         E       F
            +---------+---------+-------+---------+---------+-------
      Total |     640 |     277 |  30.2 |      66 |      26 |  28.3
            +---------+---------+-------+---------+---------+-------
        D:1 |      35 |       0 |   0.0 |      17 |       0 |   0.0
        D:2 |      57 |       0 |   0.0 |      10 |       0 |   0.0
        D:3 |      95 |     108 |  53.2 |      11 |      21 |  65.6
        D:4 |     243 |       0 |   0.0 |      24 |       0 |   0.0
        D:5 |     210 |     169 |  44.6 |       4 |       5 |  55.6
            +---------+---------+-------+---------+---------+-------
